 Dungeon Crawl Stone Soup version 0.28.0-53-g5a82cb258f (webtiles) character file.

Game seed: 8460004246553134197

13 Nyth the Cudgeller (level 2, -1/27 HPs)
             Began as a Minotaur Berserker on Aug 9, 2022.
             Was a Follower of Trog.
             Succumbed to a goblin's poison
             ... on level 1 of the Dungeon.
             The game lasted 00:00:47 (466 turns).

Nyth the Cudgeller (Minotaur Berserker)              Turns: 466, Time: 00:00:48

Health: -1/27      AC:  2    Str: 21    XL:     2   Next: 24%
Magic:  1/1        EV: 12    Int:  4    God:    Trog [*.....]
Gold:   18         SH:  0    Dex:  9    Spells: 1/1 levels left

rFire   . . .      SeeInvis .   a - +0 mace
rCold   . . .      Faith    .   (no shield)
rNeg    . . .      Spirit   .   b - +0 animal skin
rPois   .          Reflect  .   (helmet restricted)
rElec   .          Harm     .   (no cloak)
rCorr   .          Rampage  .   (no gloves)
Will    .....                   (no boots)
Stlth   +.........              (no amulet)
HPRegen 0.09/turn               (no ring)
MPRegen 0.07/turn               (no ring)

@: lethally poisoned (-1 -> -17)
A: horns 2, retaliatory headbutt
a: Renounce Religion, Berserk


You were on level 1 of the Dungeon.
You worshipped Trog.
Trog was aware of your devotion.
You visited 1 branch of the dungeon, and saw 1 of its levels.

You collected 18 gold pieces.

Inventory:

Hand Weapons
 a - a +0 mace (weapon)
Armour
 b - a +0 animal skin (worn)


   Skills:
 + Level 4.0 Fighting
 + Level 4.2 Maces & Flails
 + Level 2.4 Armour
 + Level 2.2 Dodging


You had one spell level left.
You didn't know any spells.
Your spell library contained the following spells:

 Spells                   Type           Power      Damage    Failure   Level
 Beastly Appendage        Tmut           0%         N/A       50%         1
 Wereblood                Tmut           0%         N/A       65%         2
 Spider Form              Tmut/Pois      0%         N/A       86%         3


Dungeon Overview and Level Annotations

Branches:
Dungeon (1/15)

Altars:


Innate Abilities, Weirdness & Mutations

You have a pair of horns on your head.
You reflexively headbutt those who attack you in melee.


Message History

The hobgoblin shouts!
You hear an angry hiss.
A ball python comes into view.
A rat comes into view.
The hobgoblin misses you. You furiously retaliate!
You headbutt the hobgoblin!
You kill the hobgoblin!
Trog accepts your kill.
A goblin comes into view. It is wielding a +0 dagger.
A goblin and a bat come into view.
The goblin is wielding a +2 dagger of venom.
The goblin shouts!
The ball python bites you but does no damage.
The ball python barely misses you.
You see here a hobgoblin corpse.
You barely miss the ball python. The ball python closely misses you.
You furiously retaliate!
You headbutt the ball python!
You kill the ball python!
Trog accepts your kill.
Your Fighting skill increases to level 4!
You barely miss the bat. The bat hits you.
You barely miss the goblin. The goblin hits you with a +0 dagger.
The goblin hits you with a +2 dagger of venom.
You are poisoned.
You thump the goblin!
You kill the goblin!
Trog accepts your kill.
You feel very sick. The bat hits you but does no damage.
The goblin hits you with a +2 dagger of venom.
You are lethally poisoned!
You are too injured to fight recklessly!
You fail to use your ability.
* * * LOW HITPOINT WARNING * * *
You feel very sick.
The goblin hits you with a +2 dagger of venom.
* * * LOW HITPOINT WARNING * * *
The bat hits you.
* * * LOW HITPOINT WARNING * * *
You thump the bat!
You kill the bat!
Trog accepts your kill.
You die...

###.# ..#.# #....P #.#.#
#.... . #.#.#######...P
♣P .. #.#††...........P
... ..#...........#.
P... ...............
.....
.##.#########.####......
.##.# ..........@).#
.##.# .#####..#.#g##
..#.. ........#.#r..
#############.#.#.....
..............#.##.####
###############.. .# ###
##


You could see a goblin and a rat.

Vanquished Creatures
  A ball python (D:1)
  A bat (D:1)
  An endoplasm (D:1)
  A goblin (D:1)
  4 hobgoblins (D:1)
  A quokka (D:1)
  A frilled lizard (D:1)
  A kobold (D:1)
  A rat (D:1)
12 creatures vanquished.

Notes
Turn   | Place    | Note
-------+----------+-------------------------------------------
     0 | D:1      | Nyth the Minotaur Berserker began the quest for the Orb.
     0 | D:1      | Reached XP level 1. HP: 19/19 MP: 0/0
   434 | D:1      | Reached XP level 2. HP: 27/27 MP: 1/1
   466 | D:1      | Succumbed to a goblin's poison

Illustrated notes

Levels and vault maps discovered:
D:1:      tarquinn_simple_flora_water_d, layout_basic, serial_forest,
          infiniplex_forest_clump_C, infiniplex_forest_3_way,
          infiniplex_forest_lined_3, infiniplex_forest_zigzag_2,
          infiniplex_forest_clump_cross, infiniplex_forest_lined_room_2,
          infiniplex_forest_lined_1

Skill      XL: |  1  2 |
---------------+-------+-----
Maces & Flails | 4 |  4.2
Fighting       | 4 |  4.0
Armour         | |  2.4
Dodging        | |  2.2

Action                   || total
-------------------------++-------
Melee: Mace              ||    19
       Headbutt          ||     3
Armor: Animal skin       ||     3
Dodge: Dodged            ||    11
